 Dungeon Crawl Stone Soup version 0.20.0-15-g7f486f2 (webtiles) character file.

870 ArtsTyrian the Shield-Bearer (level 8, -2/62 HPs)
             Began as a Formicid Fighter on June 14, 2017.
             Slain by an ogre
             ... wielding a cursed -2 giant club
              (18 damage)
             ... on level 4 of the Dungeon.
             The game lasted 00:24:07 (4616 turns).

ArtsTyrian the Shield-Bearer (Formicid Fighter)     Turns: 4616, Time: 00:24:07

Health: -2/62      AC: 10    Str: 22    XL:     8   Next: 24%
Magic:  8/8        EV:  9    Int:  9    God:
Gold:   323        SH: 10    Dex: 10    Spells: 7/7 levels left

rFire    . . .     SeeInvis +   a - +0 war axe
rCold    . . .     Gourm    .   c - +0 shield
rNeg     . . .     Faith    .   b - +0 scale mail
rPois    .         Spirit   .   (helmet unavailable)
rElec    .         Reflect  .   g - +0 cloak
rCorr    .         Harm     .   (no gloves)
MR       .....                  v - +1 pair of boots
Stlth    +.........             (no amulet)
Regen    0.2/turn               (no ring)
MPRegen  0.2/turn               (no ring)

@: no status effects
A: permanent stasis, dig shafts and tunnels, four strong arms, antennae 3
a: Dig, Shaft Self


You were on level 4 of the Dungeon.
You were not hungry.

You visited 1 branch of the dungeon, and saw 4 of its levels.

You collected 323 gold pieces.

Inventory:

Hand Weapons
 a - a +0 war axe (weapon)
Armour
 b - a +0 scale mail (worn)
 c - a +0 shield (worn)
 g - a +0 cloak (worn)
 v - a +1 pair of boots (worn)
Wands
 t - a wand of digging (8/24)
Scrolls
 e - a scroll of remove curse
 h - a scroll of enchant armour
 i - a scroll of magic mapping {unknown}
 n - 3 scrolls of identify
Potions
 d - a potion of might
 j - a potion of brilliance
 q - a potion of invisibility
Comestibles
 f - 3 bread rations
 k - 7 chunks of flesh
 p - 2 royal jellies
 r - a meat ration


   Skills:
 * Level 5.1 Fighting
 + Level 5.1 Axes
 + Level 4.5 Armour
 + Level 1.5 Dodging
 * Level 4.9 Stealth
 + Level 5.5 Shields


You had 7 spell levels left.
You didn't know any spells.

Dungeon Overview and Level Annotations

Branches:
Dungeon (4/15)
 Temple: D:4-7

Altars:
Kikubaaqudgha
Ru


Innate Abilities, Weirdness & Mutations

You cannot be hasted, slowed, berserked, paralysed or teleported.
You can dig through walls and to a lower floor.
Your four strong arms can wield two-handed weapons with a shield.
You have a pair of large antennae on your head. (SInv)


Message History

The ogre is heavily wounded.
The ogre hits you with a giant club!!
You barely miss the ogre.
The ogre is heavily wounded.
The ogre hits you with a giant club.
You barely miss the ogre.
The ogre is heavily wounded.
The ogre barely misses you.
Your scale mail prevents you from hitting the ogre.
The ogre is heavily wounded.
You block the ogre's attack.
You barely miss the ogre.
The ogre is heavily wounded.
The ogre hits you with a giant club!!
* * * LOW HITPOINT WARNING * * *
Things that are here:
a mace; an enchanted flail; a club
There is a stone staircase leading up, spattered with blood here.
The ogre hits you with a giant club!!
You die...

.##.......# ######.# #....
.##...)...# #....).# #....
..#.......# ###.####### #....
#.#.......# ####.........# #....
#.#......(####............# #....
.....(....'..#.#..........#
..........##.#.#..........#
..........##.#.#O##(#######
...........#.#.#@##.#
...#####.#.#.#.####(# #)...#
#.#'#.#..[.#(# #....#
#.......##'#(######## #....#
#.......#...........# #....#
#...................#
#....###.....(.#...........#
#........#.................######
##.......#############.....))...#


You could see an ogre.

Vanquished Creatures
  A hornet zombie (D:4)
  A centaur (D:4)
  An ogre (D:3)
  A hound (D:4)
  3 orc priests (D:4)
  Jessica (D:3)
  An iguana (D:3)
  5 orc wizards
  A worker ant (D:4)
  A hound skeleton (D:4)
  6 gnolls
  7 adders
  An ooze (D:2)
  An adder skeleton (D:4)
  2 worms (D:2)
  2 dart slugs
  A leopard gecko (D:4)
  26 orcs
  A ball python (D:3)
  8 bats
  2 bat zombies (D:3)
  3 giant cockroaches
  6 goblins
  9 hobgoblins
  11 kobolds
  A quokka (D:3)
  2 frilled lizards (D:1)
  6 rats
  2 rat zombies (D:3)
113 creatures vanquished.

Vanquished Creatures (others)
  An ooze (D:4)
  2 orcs (D:4)
3 creatures vanquished.

Grand Total: 116 creatures vanquished

Notes
Turn   | Place    | Note
-------+----------+-------------------------------------------
     0 | D:1      | ArtsTyrian the Formicid Fighter began the quest for the Orb.
     0 | D:1      | Reached XP level 1. HP: 18/18 MP: 1/1
   190 | D:1      | Reached skill level 1 in Stealth
   193 | D:1      | Reached XP level 2. HP: 21/24 MP: 2/2
   482 | D:1      | Reached XP level 3. HP: 24/29 MP: 3/3
   882 | D:2      | Reached XP level 4. HP: 37/37 MP: 4/4
   886 | D:2      | Found a faded altar of an unknown god.
  1777 | D:3      | Reached XP level 5. HP: 32/42 MP: 5/5
  2077 | D:3      | Reached XP level 6. HP: 46/48 MP: 6/6
  2189 | D:3      | Found an ancient bone altar of Kikubaaqudgha.
  2217 | D:3      | Noticed Jessica
  2222 | D:3      | Killed Jessica
  2225 | D:3      | Reached skill level 1 in Dodging
  2348 | D:3      | Found a sacrificial altar of Ru.
  2877 | D:4      | Reached skill level 5 in Shields
  2877 | D:4      | Reached XP level 7. HP: 46/55 MP: 7/7
  3275 | D:4      | HP: 1/55 [hornet zombie (7)]
  4209 | D:4      | Reached skill level 5 in Axes
  4209 | D:4      | Reached XP level 8. HP: 44/61 MP: 8/8
  4411 | D:4      | Reached skill level 5 in Fighting
  4616 | D:4      | Slain by an ogre

Skill      XL: |  1  2  3  4  5  6  7  8 |
---------------+-------------------------+-----
Stealth        | 1 2 3 4 |  4.9
Shields        | 4 5 |  5.5
Fighting       | 4 5 |  5.1
Axes           | 3 4 5 |  5.1
Dodging        | 1 |  1.5
Armour         | 4 |  4.5

Action                   |  1- 3 |  4- 6 |  7- 9 || total
-------------------------+-------+-------+-------++-------
Melee: War axe           |    95 |   196 |   123 ||   414
 Abil: Dig               |       |       |     2 ||     2
  Use: Potion            |       |     5 |       ||     5
       Scroll            |       |       |     6 ||     6
 Stab: Invisible         |       |     1 |       ||     1
       Paralysed         |       |     1 |       ||     1
  Eat: Chunk             |       |     7 |     6 ||    13
Armor: Scale mail        |    44 |    69 |    29 ||   142
       Skin              |       |     7 |       ||     7
Dodge: Dodged            |    44 |    48 |    45 ||   137
Block: Shield            |    54 |   118 |    67 ||   239
